Map: Corrosion EC

Players

Boomslang - Winner!

  • Race: Protoss Protoss
  • League: Master
  • Spawn Location: 5:00

devaster

  • Race: Protoss Protoss
  • League: Master
  • Spawn Location: 11:00

VOD

Have the link to the VOD?

Description

Time

  • Played on: June 5, 2018, 3:48 p.m.
  • Length: 4:16
Show
View Real Time Build Order
Export as new Build Order

Boomslang Protoss - Winner!

Build Orders: 1 Gate Expand 

Get SALT Encoding   

  12  0:01  Probe  
  13  0:13  Probe  
  14  0:17  Pylon  
  14  0:25  Probe  
  15  0:35  Gateway  
  15  0:39  Probe  
  16  1:10  Nexus  
  16  1:12  Probe  
  16  1:14  Zealot  
  19  1:32  Probe  
  20  1:33  Zealot  
  20  1:34  Pylon  
  20  1:46  Probe  
  23  1:52  Zealot  
  23  1:58  Probe  
  26  2:10  Probe  
  27  2:16  Zealot  
  27  2:22  Probe  
  25  3:13  Probe  
  26  3:25  Probe  
  26  3:26  Assimilator  
  27  3:28  Cybernetics Core  
  27  3:37  Probe  
  28  3:57  Probe  
Show
View Real Time Build Order
Export as new Build Order

devaster Protoss 

Build Orders:  

Get SALT Encoding   

  12  0:00  Probe  
  13  0:12  Probe  
  14  0:17  Pylon  
  14  0:23  Probe  
  15  0:31  Probe  
  16  0:38  Gateway  
  16  0:39  Probe  
  16  0:46  Assimilator  
  17  0:51  Probe  
  17  0:55  Assimilator  
  18  1:03  Probe  
  19  1:08  Gateway  
  19  1:17  Probe  
  20  1:25  Cybernetics Core  
  20  1:30  Probe  
  21  1:39  Pylon  
  21  1:46  Probe  
  22  1:58  Probe  
  18  2:01  Stalker x2  
  27  2:12  Probe  
  28  2:18  Robotics Facility  
  28  2:29  Pylon  
Tags
 
Matchup
PvP
Spawn Locations
Cross Positions
Add a new tag
Caveats
  • Supply blocks, unpowered buildings, or Contaminate may cause inaccurate times.
  • Supply counts are checked every 10 seconds.